 Dungeon Crawl Stone Soup version 0.32-a0-616-g9348d4545b (webtiles) character file.

Game seed: 17903627491308968870

8985 Drazool the Skirmisher (level 11, -2/79 HPs)
             Began as a Coglin Hunter on Mar 5, 2024.
             Was a Priest of Okawaru.
             Succumbed to Sonja's poison
             ... on level 1 of the Lair of Beasts.
             The game lasted 00:26:57 (8512 turns).

Drazool the Skirmisher (Coglin Hunter)              Turns: 8512, Time: 00:26:57

Health: -2/79      AC:  9    Str: 12    XL:     11   Next: 39%
Magic:  14/14      EV: 15    Int:  8    God:    Okawaru [***...]
Gold:   559        SH:  0    Dex: 22    Spells: 10/10 levels left

rFire   . . .        a - +2 sling (heavy) {Publius}
rCold   . . .        d - +1 sling {Shu}
rNeg    . . .        x - +0 troll leather armour
rPois   .            f - +2 helmet
rElec   .            (no cloak)
rCorr   .            (no gloves)
SInv    .            l - +2 pair of boots
Will    .....        (amulet unavailable)
Stlth   ++           (ring unavailable)
HPRegen 1.13/turn    (ring unavailable)
MPRegen 0.14/turn    (no gizmo)

%: no passive effects
@: lethally poisoned (-2 -> -14)
A: off-hand wielding, slow wielding, warmup strikes, no jewellery
a: Invent Gizmo, Renounce Religion, Heroism


You were on level 1 of the Lair of Beasts.
You worshipped Okawaru.
Okawaru was most pleased with you.
You visited 3 branches of the dungeon, and saw 12 of its levels.
You also visited: Bailey.

You collected 668 gold pieces.
You spent 70 gold pieces at shops.
You donated 39 gold pieces to Zin.


Innate Abilities, Weirdness & Mutations

You can wield a second weapon in your off-hand.
It takes a long time for you to wield or remove held weapons.
Your first few attacks do less damage.
You cannot equip rings or amulets.


   Skills:
 - Level 5.0 Fighting
 + Level 14.0 Ranged Weapons
 - Level 5.0 Dodging
 - Level 0.7 Stealth
 - Level 5.0 Invocations


You had 10 spell levels left.
You didn't know any spells.
Your spell library contained the following spells:

 Spells                   Type           Power      Damage    Failure   Level
 Magic Dart               Conj           0%         1d3       50%         1
 Blink                    Tloc           0%         N/A       63%         2
 Call Imp                 Summ           Unusable   N/A       N/A         2

Inventory:

Hand Weapons
 a - a +2 heavy sling (weapon) {Publius}
 d - a +1 sling (offhand) {Shu}
Armour
 c - a +0 leather armour
 f - a +2 helmet (worn)
 l - a +2 pair of boots (worn)
 x - a +0 troll leather armour (worn)
Wands
 t - a wand of charming (7)
 v - a wand of digging (10)
 F - a wand of warping (1)
Scrolls
 b - 2 scrolls of butterflies
 e - 4 scrolls of vulnerability
 h - 3 scrolls of immolation
 i - 7 scrolls of noise
 k - 2 scrolls of teleportation {@r2}
 n - 5 scrolls of enchant weapon
 p - 2 scrolls of poison
 q - 3 scrolls of revelation
 y - 5 scrolls of enchant armour
 D - a scroll of silence {unknown}
 E - a scroll of torment {unknown}
Potions
 g - 2 potions of brilliance
 j - 2 potions of lignification
 o - a potion of magic
 r - 4 potions of invisibility {unknown}
 s - a potion of berserk rage {!q}
 u - a potion of attraction {unknown}
 w - 7 potions of might {unknown}
 z - 3 potions of heal wounds {unknown}
 A - 2 potions of haste {unknown}
 B - a potion of cancellation {unknown}
 C - 4 potions of resistance {unknown}

Dungeon Overview and Level Annotations

Branches:
Dungeon (10/15)            Temple (1/1) D:7            Lair (1/5) D:8
    Orc (0/2) D:10         Bailey (visited)

Altars:
Ashenzari
Cheibriados
Dithmenos
Elyvilon
Fedhas
Gozag
Hepliaklqana
Kikubaaqudgha
Makhleb
Nemelex Xobeh
Okawaru
Qazlal
Ru
Sif Muna
Trog
Uskayaw
Vehumet
Wu Jian
Xom
Yredelemnul
Zin
The Shining One

Shops:
D:4 (!?(

Annotations:
D:9 Erolcha
Lair:1 Sonja

##.######### ### ###
...........# ####P# ######P#
≈......<...# ##....###......#
≈P.........# ##..............P
≈▒.........###.Y....###.>.P..#
≈≈...........@.K....# #....#.#
≈..........#.###hY..###...##..
≈▒.........### #.....##...##..
▒..........# #.Y..###...####
...........# ##....###...####
........P #.#†###.........
........#####.Y###.........
.~~~~~~..........#.........
~....................


You could see a polar bear (berserk), 2 yaks and Sonja.


Message History

Sonja blinks!
You feel sick.
You feel sick. Sonja attacks as she pursues you! Sonja barely misses you.
Sonja hits you but does no damage.
Sonja hits you with a +2 short sword of venom!
* * * LOW HITPOINT WARNING * * *
You are lethally poisoned!
The yak attacks as it pursues you! The yak completely misses you.
You feel better. Sonja barely misses you. Sonja completely misses you.
Sonja hits you with a +2 short sword of venom.
* * * LOW HITPOINT WARNING * * *
You are poisoned.
You feel very sick.
Sonja hits you with a +2 short sword of venom.
* * * LOW HITPOINT WARNING * * *
Sonja hits you with a +2 short sword of venom.
* * * LOW HITPOINT WARNING * * *
Sonja barely misses you.
Unknown command.
You feel better. Sonja misses you.
Sonja hits you with a +2 short sword of venom.
* * * LOW HITPOINT WARNING * * *
You are poisoned.
Sonja hits you with a +2 short sword of venom.
* * * LOW HITPOINT WARNING * * *
You are more poisoned.
Okay, then.
Unknown command.
You cannot coerce anything to answer your summons.
You die...

Skill      XL: |  1  2  3  4  5  6  7  8  9 10 11 |
---------------+----------------------------------+-----
Ranged Weapons | 4 5 6 7 10 12 14 | 14.0
Fighting       | 3 5 |  5.0
Invocations    | 3 5 |  5.0
Dodging        | 5 |  5.0
Stealth        | |  0.7

Action                     |  1- 3 |  4- 6 |  7- 9 | 10-12 || total
---------------------------+-------+-------+-------+-------++-------
   Fire: Sling             |   136 |   206 |   428 |   582 ||  1352
 Invoke: Recite            |       |       |    10 |       ||    10
         Heroism           |       |       |       |     7 ||     7
    Use: Scroll            |     3 |     1 |    15 |     7 ||    26
         Potion            |       |       |     1 |     2 ||     3
 Armour: Leather armour    |     8 |    21 |    33 |       ||    62
         Troll leather arm |       |       |    18 |   101 ||   119
  Dodge: Dodged            |     6 |    18 |    50 |    85 ||   159

Levels and vault maps discovered:
D:1:      psy_arrival_basics, layout_basic, chequers_ecumenical_altar_twisty,
          interstate_on_off, chequers_serial_rivers_micro_a,
          roderic_roman_lattice
D:2:      layout_basic
D:3:      layout_loops_cross, lemuel_tele_altar,
          nicolae_qazlal_beasts_of_the_sky, kennysheep_doodads,
          bh_walls_and_bars, uniq_grinder, uniq_robin
D:4:      layout_basic, zin_academy, serial_shops,
          nicolae_shop_pleasant_corner_grove, nicolae_diamond_shop,
          nicolae_shop_peninsula, shop, nicolae_underground_beach
D:5:      layout_basic
D:6:      layout_rooms, mainiacjoe_overflow_brackets, mainiacjoe_overflow_paths,
          uniq_duvessa, uniq_edmund, uniq_sigmund
D:7:      layout_loops_ring, amcnicky_altar_gilded,
          minmay_temple_entry_stoned_glass, uniq_menkaure
D:8:      layout_basic, dpeg_oklobed_lair
D:9:      layout_basic, nzn_hepliaklqana_mist_gate, mainiacjoe_overflow_catwalk,
          nicolae_dithmenos_through_a_glass_darkly, nzn_wu_jian_contemplation,
          enter_bailey_3, uniq_erolcha
D:10:     layout_basic, orc_0_dummy
Temple:   nicolae_temple_godzebo
Lair:1:   beast_lair_carwin_large_2, layout_gridlike, special_room
          [special_room_bee], uniq_sonja

Notes
Turn   | Place    | Note
-------+----------+-------------------------------------------
     0 | D:1      | Drazool the Coglin Hunter began the quest for the Orb.
     0 | D:1      | Reached XP level 1. HP: 16/16 MP: 1/1
   259 | D:1      | Reached skill level 4 in Ranged Weapons
   259 | D:1      | Reached XP level 2. HP: 22/22 MP: 2/2
   401 | D:1      | Found a faded altar of an unknown god.
   546 | D:1      | Reached XP level 3. HP: 26/27 MP: 3/3
   861 | D:2      | Reached skill level 5 in Ranged Weapons
   864 | D:2      | Reached XP level 4. HP: 33/33 MP: 4/4
  1243 | D:3      | Noticed Grinder
  1263 | D:3      | Killed Grinder
  1264 | D:3      | Reached skill level 6 in Ranged Weapons
  1264 | D:3      | Reached XP level 5. HP: 17/38 MP: 5/5
  1264 | D:3      | Reached XP level 6. HP: 19/44 MP: 6/6
  1562 | D:3      | Found a stormy altar of Qazlal.
  1562 | D:3      | Noticed a sky beast
  1573 | D:3      | Killed a sky beast
  1574 | D:3      | Reached skill level 7 in Ranged Weapons
  1596 | D:3      | Noticed Robin
  1612 | D:3      | Killed Robin
  1718 | D:3      | Reached XP level 7. HP: 25/50 MP: 7/7
  1866 | D:3      | Found a glowing golden altar of the Shining One.
  2384 | D:4      | Reached skill level 3 in Fighting
  2418 | D:4      | Found a glowing silver altar of Zin.
  2429 | D:4      | Became a worshipper of Zin the Law-Giver
  2429 | D:4      | Reached * piety under Zin
  2501 | D:4      | Reached skill level 1 in Invocations
  2560 | D:4      | Found Kisoip's Magic Scroll Boutique.
  2568 | D:4      | Bought a scroll of identify for 20 gold pieces
  2568 | D:4      | Bought a scroll of identify for 20 gold pieces
  2616 | D:4      | Found Woseahud's Antique Weapon Emporium.
  2631 | D:4      | Reached skill level 2 in Invocations
  2674 | D:4      | Found Upotimal's Distillery.
  2682 | D:4      | Bought a potion of curing for 30 gold pieces
  2897 | D:4      | Found Luopn's Weapon Shop.
  3026 | D:5      | Entered Level 5 of the Dungeon
  3033 | D:5      | Reached skill level 3 in Invocations
  3181 | D:5      | Reached XP level 8. HP: 58/58 MP: 10/10
  3288 | D:5      | Reached ** piety under Zin
  3321 | D:5      | Reached skill level 4 in Invocations
  3826 | D:6      | Noticed Edmund
  3839 | D:6      | Killed Edmund
  3938 | D:6      | Noticed Sigmund
  3949 | D:6      | Killed Sigmund
  3950 | D:6      | Reached skill level 5 in Invocations
  3950 | D:6      | Reached skill level 3 in Dodging
  3966 | D:6      | Found a snail-covered altar of Cheibriados.
  4024 | D:6      | Found a broken altar of Ashenzari.
  4024 | D:6      | Noticed Duvessa
  4025 | D:6      | Noticed Dowan
  4030 | D:6      | Killed Duvessa
  4031 | D:6      | Reached skill level 4 in Dodging
  4035 | D:6      | Killed Dowan
  4246 | D:7      | Reached skill level 5 in Dodging
  4246 | D:7      | Reached XP level 9. HP: 36/64 MP: 12/12
  4377 | D:7      | Reached skill level 4 in Fighting
  4395 | D:7      | Found a hide-covered altar of Uskayaw.
  4436 | D:7      | Reached skill level 5 in Fighting
  4552 | D:7      | Reached skill level 8 in Ranged Weapons
  4577 | D:7      | Reached *** piety under Zin
  4653 | D:7      | Noticed Menkaure
  4656 | D:7      | Killed Menkaure
  4700 | D:7      | Found a staircase to the Ecumenical Temple.
  4712 | D:7      | Noticed a troll
  4721 | D:7      | Killed a troll
  4799 | Temple   | Entered the Ecumenical Temple
  4824 | Temple   | Fell from the grace of Zin
  4824 | Temple   | Became a worshipper of Warmaster Okawaru
  4890 | D:7      | Reached skill level 9 in Ranged Weapons
  5394 | D:8      | Noticed a troll
  5416 | D:8      | Killed a troll
  5506 | D:8      | Found a staircase to the Lair.
  5535 | D:8      | Reached * piety under Okawaru
  5546 | D:8      | Reached skill level 10 in Ranged Weapons
  5546 | D:8      | Reached XP level 10. HP: 44/74 MP: 13/13
  5936 | D:8      | Reached ** piety under Okawaru
  5966 | D:8      | Killed an unseen horror
  5967 | D:8      | Reached skill level 11 in Ranged Weapons
  6245 | D:9      | Found a bloodstained altar of Trog.
  6269 | D:9      | Noticed a two-headed ogre
  6277 | D:9      | Killed a two-headed ogre
  6355 | D:9      | Reached skill level 12 in Ranged Weapons
  6372 | D:9      | Found a flagged portal.
  6384 | Bailey   | Entered a bailey
  6534 | Bailey   | Noticed an orc knight
  6548 | Bailey   | Killed an orc knight
  6567 | Bailey   | Reached *** piety under Okawaru
  6747 | D:9      | Found a shadowy altar of Dithmenos.
  6747 | D:9      | Noticed Erolcha
  6755 | D:9      | Reached XP level 11. HP: 79/79 MP: 14/14
  6773 | D:9      | Found a hazy altar of Hepliaklqana.
  7018 | D:9      | Found an ornate altar of the Wu Jian Council.
  7349 | D:10     | Entered Level 10 of the Dungeon
  7368 | D:10     | Reached skill level 13 in Ranged Weapons
  7674 | D:10     | Found a staircase to the Orcish Mines.
  8029 | D:10     | Noticed a brown ugly thing
  8037 | D:10     | Killed a brown ugly thing
  8142 | D:10     | Noticed a cyclops
  8148 | D:10     | Killed a cyclops
  8278 | Lair:1   | Entered Level 1 of the Lair of Beasts
  8435 | Lair:1   | Noticed Sonja
  8482 | Lair:1   | Reached skill level 14 in Ranged Weapons
  8508 | Lair:1   | HP: 6/79 [Sonja/+2 short sword of venom (7)]
  8511 | Lair:1   | HP: 2/79 [Sonja/+2 short sword of venom (4)]
  8512 | Lair:1   | Succumbed to Sonja's poison

Vanquished Creatures
  A two-headed ogre (D:9)
  An orc knight (Bailey)
  An ugly thing (D:10)
  A cyclops (D:10)
  A cane toad (Lair:1)
  A komodo dragon (Lair:1)
  An unseen horror (D:8)
  A polar bear (Lair:1)
  3 trolls
  Grinder (D:3)
  Sigmund (D:6)
  A shadow (D:9)
  4 yaks (D:8)
  A wraith (D:10)
  2 wyverns
  A basilisk (Lair:1)
  Edmund (D:6)
  Menkaure (D:7)
  3 water moccasins
  Duvessa (D:6)
  A black bear (Lair:1)
  6 orc warriors
  2 sky beasts
  An ogre (D:4)
  3 centaurs
  6 bullfrogs
  A gnoll sergeant (D:8)
  A scorpion (D:5)
  5 wights (D:7)
  Dowan (D:6)
  3 jellies
  3 howler monkeys
  A bombardier beetle (D:4)
  9 orc priests
  A hound (D:7)
  2 sleepcaps
  7 orc wizards
  6 iguanas
  Robin (D:3)
  6 gnolls
  7 adders
  2 shadow imps
  2 dart slugs
  51 orcs
  5 ball pythons
  6 endoplasms
  6 giant cockroaches
  20 goblins
  8 hobgoblins
  12 jackals
  2 kobolds
  2 quokkas
  5 bats
  5 frilled lizards
  6 rats
233 creatures vanquished.

Vanquished Creatures (others)
  An orc wizard (D:9)
1 creature vanquished.

Grand Total: 234 creatures vanquished

Table legend: (Time is in decaauts)
 A = Elapsed time spent in this place.
 B = Non-inter-level travel time spent in this place.
 C = Inter-level travel time spent in this place.
 D = Time resting spent in this place.
 E = Time spent auto-exploring this place.
 F = Levels seen in this place.
 G = Mean time per level.
                   A        B        C        D        E       F      G
               +--------+--------+--------+--------+--------+-----+--------+
         Total |   8609 |   8275 |    334 |    608 |   5958 |  13 |  662.2 |
       Dungeon |   8101 |   7817 |    284 |    590 |   5832 |  10 |  810.1 |
        Temple |     50 |      1 |     49 |      0 |      0 |   1 |   50.0 |
          Lair |    235 |    235 |      0 |      9 |    108 |   1 |  235.0 |
        Bailey |    222 |    222 |      0 |      8 |     18 |   1 |  222.0 |
               +--------+--------+--------+--------+--------+-----+--------+

Top non-repeatable levels by time:
     D:3: 1055 daAuts
     D:8: 1017 daAuts
     D:7: 974 daAuts
     D:4: 963 daAuts
     D:9: 937 daAuts
    D:10: 872 daAuts
     D:5: 675 daAuts
     D:1: 648 daAuts
     D:2: 498 daAuts
     D:6: 458 daAuts
  Lair:1: 235 daAuts
  Bailey: 222 daAuts
  Temple: 50 daAuts

Table legend:
 A = Non-vault XP
 B = Vault XP
 C = Vault XP percentage of total XP
 D = Non-vault monster count
 E = Vault monster count
 F = Vault count percentage of total count
                 A         B        C        D         E       F
            +---------+---------+-------+---------+---------+-------
      Total |    9795 |    3042 |  23.7 |     179 |      55 |  23.5
            +---------+---------+-------+---------+---------+-------
        D:1 |      36 |       0 |   0.0 |      21 |       0 |   0.0
        D:2 |      55 |       0 |   0.0 |      20 |       0 |   0.0
        D:3 |     108 |     437 |  80.2 |      23 |      15 |  39.5
        D:4 |     353 |       0 |   0.0 |      16 |       0 |   0.0
        D:5 |     428 |       0 |   0.0 |      12 |       0 |   0.0
        D:6 |     221 |     625 |  73.9 |       8 |       4 |  33.3
        D:7 |    1432 |     169 |  10.6 |      23 |       1 |   4.2
        D:8 |    2308 |       0 |   0.0 |      22 |       0 |   0.0
        D:9 |    1943 |       8 |   0.4 |      13 |       4 |  23.5
       D:10 |    1864 |       0 |   0.0 |      17 |       0 |   0.0
     Lair:1 |    1047 |     437 |  29.4 |       4 |       2 |  33.3
     Bailey |       0 |    1366 | 100.0 |       0 |      29 | 100.0
            +---------+---------+-------+---------+---------+-------
